 Dungeon Crawl Stone Soup version 0.31-a0-889-g1a8549509d (webtiles) character file.

Game seed: 8981880368864828920

2 croobank the Sneak (level 1, -10/18 HPs)
             Began as a Demigod Delver on Oct 16, 2023.
             Mangled by an ogre
             ... wielding a +0 giant club
              (21 damage)
             ... on level 5 of the Dungeon.
             The game lasted 00:01:04 (96 turns).

croobank the Sneak (Demigod Delver)                   Turns: 96, Time: 00:01:05

Health: -10/18     AC:  7    Str: 13    XL:     1   Next: 20%
Magic:  3/3        EV: 11    Int: 12    God:
Gold:   38         SH:  0    Dex: 15    Spells: 0/0 levels left

rFire   . . .        a - +0 short sword
rCold   . . .        (no shield)
rNeg    . . .        b - +0 leather armour
rPois   .            (no helmet)
rElec   .            (no cloak)
rCorr   .            (no gloves)
SInv    +            (no boots)
Will    .....        (no amulet)
Stlth   +++          h - ring of see invisible
HPRegen 0.23/turn    i - +4 ring of protection
MPRegen 0.08/turn

%: no passive effects
@: hasted, very quick
A: high MP 1, forlorn, divine attributes
a: no special abilities


You were on level 5 of the Dungeon.
You visited 1 branch of the dungeon, and saw 3 of its levels.

You collected 38 gold pieces.

Inventory:

Hand Weapons
 a - a +0 short sword (weapon)
Armour
 b - a +0 leather armour (worn)
Jewellery
 h - a ring of see invisible (left hand)
 i - a +4 ring of protection (right hand)
Wands
 g - a wand of digging (3)
Scrolls
 c - a scroll of fog
 e - a scroll of fear


   Skills:
 - Level 2.6 Fighting
 - Level 1.7 Short Blades
 - Level 1.7 Dodging
 + Level 4.6 Stealth


You couldn't memorise any spells.
You didn't know any spells.
Your spell library was empty.

Dungeon Overview and Level Annotations

Branches:
Dungeon (7/15)
 Temple: D:4-7


Innate Abilities, Weirdness & Mutations

You have an increased reservoir of magic. (+10% MP)
You shall have no god before yourself.
Your divine heritage dramatically boosts your attributes as you level up.


Message History

There is a stone staircase leading up here.
There is a stone staircase leading up here.
You climb upwards.
You hear the sound of rushing water.
There is an entrance to a sewer on this level.
Hurry and find it before the portal rusts away!
There is a stone staircase leading down here.
The helpless orc fails to defend itself.
You puncture the orc!
You kill the orc!
You see here a +0 falchion.
As you read the scroll of revelation, it crumbles to dust.
You feel aware of your surroundings.
You sensed 1 altar, and 1 shop/portal.
Unknown command.
A sleepcap comes into view.
You hear the slow rusting of a very distant drain.
Found an escape hatch in the ceiling.
Found a stone staircase leading up.
There is a stone staircase leading up here.
You climb upwards.
Found a chain mail.
There is a stone staircase leading down here.
The helpless ogre fails to defend itself.
You puncture the ogre!
The ogre is heavily wounded.
The ogre closely misses you.
You feel yourself speed up. The ogre barely misses you.
You hit the ogre.
The ogre is heavily wounded.
You closely miss the ogre.
The ogre is heavily wounded.
You closely miss the ogre.
The ogre is heavily wounded.
The ogre hits you with a +0 giant club!
You hit the ogre but do no damage.
The ogre is heavily wounded.
You hit the ogre.
The ogre is heavily wounded.
The ogre hits you with a +0 giant club!!
Ouch! That really hurt!
You die...

##########
#........#
#........#
#........#
#..[.....#
#..>@O...#
#........#
#........#
#........#
#.........#
#...........
#............
#............


You could see an ogre.

Vanquished Creatures
  An orc (D:6)
1 creature vanquished.

Notes
Turn   | Place    | Note
-------+----------+-------------------------------------------
     0 | D:5      | croobank the Demigod Delver began the quest for the Orb.
     0 | D:5      | Reached XP level 1. HP: 18/18 MP: 3/3
    43 | D:6      | Noticed a sleepcap
    88 | D:5      | Noticed an ogre
    96 | D:5      | Mangled by an ogre

Illustrated notes

Levels and vault maps discovered:
D:5:      layout_gridville, uniq_sigmund, uniq_edmund
D:6:      hangedman_cross_stitches, layout_basic,
          mainiacjoe_overflow_cross_hatched, gup_sewer_entry_glass, uniq_pikel,
          uniq_prince_ribbit1
D:7:      layout_basic, nicolae_ru_great_annihilating_truth,
          minmay_temple_entry_wispy, chequers_serial_rivers_micro_d,
          kennysheep_pointless_box, uniq_menkaure

Action                     || total
---------------------------++-------
  Melee: Short sword       ||     7
    Use: Scroll            ||     1
         Potion            ||     1
   Stab: Sleeping          ||     2
 Armour: Leather armour    ||     2
  Dodge: Dodged            ||     2

Table legend: (Time is in decaauts)
 A = Elapsed time spent in this place.
 B = Non-inter-level travel time spent in this place.
 C = Inter-level travel time spent in this place.
 D = Time resting spent in this place.
 E = Time spent auto-exploring this place.
 F = Levels seen in this place.
 G = Mean time per level.
                   A        B        C        D        E       F      G
               +--------+--------+--------+--------+--------+-----+--------+
         Total |     92 |     92 |      0 |      0 |      6 |   3 |   30.7 |
       Dungeon |     92 |     92 |      0 |      0 |      6 |   3 |   30.7 |
               +--------+--------+--------+--------+--------+-----+--------+

Top non-repeatable levels by time:
     D:6: 82 daAuts
     D:5: 7 daAuts
     D:7: 2 daAuts
